 Dungeon Crawl Stone Soup version 0.31.0-9-g3a7656b989 (webtiles) character file.

Game seed: 10389585932015309209

438 stipulation the Grappler (level 7, -7/57 HPs)
             Began as a Ghoul Monk on Jan 25, 2024.
             Killed from afar by an acid dragon (18 damage)
             ... with a splash of acid
             ... on level 5 of the Dungeon.
             The game lasted 00:01:55 (2912 turns).

stipulation the Grappler (Ghoul Monk)               Turns: 2912, Time: 00:01:56

Health: -7/57      AC:  6    Str: 17    XL:     7   Next: 1%
Magic:  7/7        EV:  8    Int:  9    God:
Gold:   142        SH:  0    Dex: 11    Spells: 6/6 levels left

rFire   . .          .
                       - Unarmed
rCold   + . .        c - orb {light}
rNeg    + + +        q - +0 chain mail
rPois   ∞            (no helmet)
rElec   .            (no cloak)
rCorr   .            (no gloves)
SInv    .            d - +1 pair of boots
Will    .....        (no amulet) Stlth
                     (no ring)
HPRegen 0.00/turn    (no ring)
MPRegen 0.10/turn

%: no passive effects
@: corroded, inhibited regen, glowing
A: claws 1, cold resistance 1, negative energy resistance 3, inhibited
regeneration, torment resistance 2, devour on kill
a: no special abilities


You were on level 5 of the Dungeon.
You visited 1 branch of the dungeon, and saw 5 of its levels.

You collected 142 gold pieces.

Inventory:

Armour
 a - a +0 robe
 c - an orb of light (worn)
 d - a +1 pair of boots (worn)
 q - a +0 chain mail (worn)
Scrolls
 e - 3 scrolls of identify {unknown}
 h - 2 scrolls of butterflies {unknown}
 i - 2 scrolls of revelation {unknown}
 k - 2 scrolls of teleportation {unknown}
 l - a scroll of enchant weapon {unknown}
 m - a scroll of poison {unknown}
 o - a scroll of silence {unknown}
Potions
 b - a potion of ambrosia
 f - a potion of lignification {unknown}
 g - a potion of mutation {unknown}
 j - a potion of curing {unknown}
 n - a potion of degeneration {unknown}
 p - a potion of attraction {unknown}


   Skills:
 - Level 3.2 Fighting
 - Level 2.6 Dodging
 + Level 8.4 Unarmed Combat


You had 6 spell levels left.
You didn't know any spells.
Your spell library contained the following spells:

 Spells                   Type           Power      Damage    Failure   Level
 Freeze                   Ice            0%         1d3       99%         1
 Summon Small Mammal      Summ           0%         N/A       99%         1
 Scorch                   Fire           0%         2d5       100%        2
 Call Canine Familiar     Summ           0%         N/A       100%        3
 Frozen Ramparts          Ice            0%         1d1       100%        3
 Hailstorm                Conj/Ice       0%         3d5       100%        3
 Flame Wave               Conj/Fire      0%         2d4       100%        4
 Summon Blazeheart Golem  Fire/Summ      0%         N/A       100%        4
 Summon Cactus Giant      Summ           0%         N/A       100%        6


Dungeon Overview and Level Annotations

Branches:
Dungeon (5/15)
 Temple: D:4-7

Altars:
Nemelex Xobeh

Shops:
D:2 *   D:3 *


Innate Abilities, Weirdness & Mutations

You are immune to poison.
You have sharp fingernails.
Your flesh is cold resistant. (rC+)
You are immune to negative energy. (rN+++)
You do not regenerate when monsters are visible.
You are immune to unholy pain and torment.
You thrive by killing the living.


Message History

You are too injured to fight recklessly!
You are too injured to fight recklessly!
You are too injured to fight recklessly!
You are too injured to fight recklessly!
You are too injured to fight recklessly!
You are too injured to fight recklessly!
You are too injured to fight recklessly!
You are too injured to fight recklessly!
You are too injured to fight recklessly!
You are too injured to fight recklessly!
You are too injured to fight recklessly!
You are too injured to fight recklessly!
You are too injured to fight recklessly!
You are too injured to fight recklessly!
You are too injured to fight recklessly!
You are too injured to fight recklessly!
You are too injured to fight recklessly!
You scratch the acid dragon but do no damage.
The acid dragon barely misses you. x2
You barely miss the acid dragon.
You scratch the acid dragon but do no damage.
The acid dragon bites you. The acid dragon claws you.
You scratch the acid dragon.
The acid dragon is moderately wounded.
The acid dragon bites you! The acid dragon closely misses you.
You scratch the acid dragon but do no damage.
The acid dragon is moderately wounded.
The acid dragon bites you!
* * * LOW HITPOINT WARNING * * *
The acid dragon claws you.
* * * LOW HITPOINT WARNING * * *
You claw the acid dragon!
The acid dragon is severely wounded.
The acid dragon barely misses you. The acid dragon claws you.
* * * LOW HITPOINT WARNING * * *
You scratch the acid dragon but do no damage.
The acid dragon is severely wounded.
The acid dragon spits acid at you. The splash of acid hits you!!
You die...

#..... ##.....
#......
#......##
#.......#
#.......##
.........## .#
......D@..## ..
........#..###
#.#
.......####..###
..# ......#
##...##..#
#...##
###..#..## ##.#
######.....# ##
##...<...##..#
#..†......# .
#..........#


You could see an acid dragon (catching breath).

Vanquished Creatures
  A black bear (D:4)
  An ogre (D:4)
  A bombardier beetle (D:4)
  A hound (D:4)
  An orc priest (D:4)
  8 adders
  2 white imps
  A dart slug (D:1)
  3 ribbon worms
  5 orcs
  5 bats
  8 endoplasms
  A giant cockroach (D:1)
  6 goblins
  5 hobgoblins
  4 quokkas
  3 ball pythons
  5 frilled lizards
  5 hobgoblin zombies (D:3)
  6 kobolds
  A kobold skeleton (D:3)
  A kobold zombie (D:3)
  2 orc zombies (D:3)
  5 rats
81 creatures vanquished.

Notes
Turn   | Place    | Note
-------+----------+-------------------------------------------
     0 | D:1      | stipulation the Ghoul Monk began the quest for the Orb.
     0 | D:1      | Reached XP level 1. HP: 19/19 MP: 1/1
   195 | D:1      | Reached XP level 2. HP: 26/26 MP: 2/2
   231 | D:1      | Reached skill level 4 in Unarmed Combat
   477 | D:1      | Reached XP level 3. HP: 31/31 MP: 3/3
   566 | D:1      | Found a faded altar of an unknown god.
   796 | D:2      | Reached skill level 5 in Unarmed Combat
   960 | D:2      | Reached XP level 4. HP: 38/38 MP: 4/4
   994 | D:2      | Found Yxzety's General Store.
  1460 | D:3      | Reached skill level 6 in Unarmed Combat
  1642 | D:3      | Found Hiora's Assorted Antiques.
  1736 | D:3      | Reached XP level 5. HP: 39/45 MP: 5/5
  1958 | D:4      | Found a sparkling altar of Nemelex Xobeh.
  2192 | D:4      | Noticed an ogre
  2198 | D:4      | Killed an ogre
  2199 | D:4      | Reached skill level 7 in Unarmed Combat
  2199 | D:4      | Reached XP level 6. HP: 51/51 MP: 6/6
  2214 | D:4      | Noticed a black bear
  2222 | D:4      | Killed a black bear
  2223 | D:4      | Reached skill level 8 in Unarmed Combat
  2808 | D:5      | Entered Level 5 of the Dungeon
  2811 | D:5      | Reached XP level 7. HP: 57/57 MP: 7/7
  2912 | D:5      | Killed from afar by an acid dragon

Illustrated notes

Levels and vault maps discovered:
D:1:      minmay_arrival_doors, layout_loops_ring,
          shapermc_ecumenical_altar_mp_vishouse, minmay_misc_feat_square
D:2:      layout_basic, serial_shops, nicolae_shop_getting_attention,
          minmay_misc_feat_doors, kennysheep_boxes
D:3:      layout_rooms, nicolae_tso_besieged_by_evil, serial_shops, shop,
          kennysheep_generic_room_7
D:4:      layout_gridville, mainiacjoe_overflow_boulevard
D:5:      layout_cave_pods

Skill      XL: |  1  2  3  4  5  6 |
---------------+-------------------+-----
Unarmed Combat | 4 5 6 7 8 |  8.4
Fighting       | |  3.2
Dodging        | |  2.6

Action                     |  1- 3 |  4- 6 |  7- 9 || total
---------------------------+-------+-------+-------++-------
  Melee: Unarmed           |    76 |   131 |     7 ||   214
 Armour: Robe              |    38 |    75 |       ||   113
         Chain mail        |       |       |     8 ||     8
  Dodge: Dodged            |    50 |    82 |     4 ||   136
